 Dungeon Crawl Stone Soup version 0.30-a0-852-g08b95dd62f (webtiles) character file.

Game seed: 12169381453216703747

452 oldriver the Shooter (level 7, -1/60 HPs)
             Began as a Meteoran Hunter on Mar 4, 2023.
             Slain by a killer bee (8 damage)
             ... on level 5 of the Dungeon.
             The game lasted 00:07:36 (1702 turns).

oldriver the Shooter (Meteoran Hunter)              Turns: 1702, Time: 00:07:36

Health: -1/60      AC:  5    Str: 13    XL:     7   Next: 50%
Magic:  8/8        EV: 13    Int: 10    God:
Gold:   280        SH:  0    Dex: 22    Spells: 6/6 levels left

rFire   . . .      SeeInvis .    a - +0 shortbow
rCold   . . .      Faith    .    (shield currently unavailable)
rNeg    . . .      Spirit   .    c - +1 leather armour
rPois   .          Reflect  .    (no helmet)
rElec   .          Rampage  .    (no cloak)
rCorr   .                        j - +0 pair of gloves
Will    +....                    (no boots)
Stlth   +                        (no amulet)
HPRegen 0.30/turn                h - ring of willpower
MPRegen 0.11/turn                (no ring)

@: lethally poisoned (-1 -> -13), glowing
A: sense surroundings 1, otherworldly, glowing, explore regen, thin skeletal
structure 1, deterioration 1
a: no special abilities


You were on level 5 of the Dungeon.
You visited 1 branch of the dungeon, and saw 5 of its levels.

You collected 280 gold pieces.

Inventory:

Hand Weapons
 a - a +0 shortbow (weapon)
 o - a +0 sling
Armour
 c - a +1 leather armour (worn)
 f - an orb of light
 j - a +0 pair of gloves (worn)
Jewellery
 h - a ring of willpower (left hand)
Scrolls
 b - a scroll of immolation
 d - a scroll of fear
 k - a scroll of fog
 n - a scroll of butterflies
Potions
 e - a potion of heal wounds {unknown}
 g - a potion of attraction {unknown}
 l - 2 potions of degeneration
 m - a potion of curing {unknown}
 q - a potion of berserk rage {unknown}
 r - a potion of cancellation {unknown}


   Skills:
 + Level 4.8 Fighting
 * Level 7.7 Ranged Weapons
 + Level 2.8 Dodging
 - Level 0.6 Stealth


You had 6 spell levels left.
You didn't know any spells.
Your spell library was empty.

Dungeon Overview and Level Annotations

Branches:
Dungeon (5/15) Zot: 1272
 Temple: D:4-7

Altars:
Ashenzari
Elyvilon
Fedhas
Qazlal

Shops:
D:1 =

Annotations:
D:5 1 transporter


Innate Abilities, Weirdness & Mutations

You passively map a small area around you.
You are easily found by Zot.
You glow in the dark.
You regain HP and MP as you explore.
You have a somewhat thin skeletal structure. (Dex +2, Stealth+)
Your body sometimes deteriorates upon taking damage.


Message History

The killer bee stings you.
You are poisoned.
The killer bee poisons you! The killer bee closely misses you.
Fire: a) +0 shortbow
Press: ? - help, Shift-Dir - straight line, f/p - killer bee
Aim: a killer bee (moderately wounded, 44% to hit)
You shoot an arrow. The arrow hits the killer bee.
The killer bee is moderately wounded.
You feel very sick. The killer bee stings you.
The killer bee completely misses you. The killer bee stings you.
The killer bee closely misses you. The killer bee barely misses you.
The killer bee stings you.
Fire: a) +0 shortbow
Press: ? - help, Shift-Dir - straight line, f/p - killer bee
Aim: a killer bee (moderately wounded, 44% to hit)
You shoot an arrow. The arrow hits the killer bee.
The killer bee is heavily wounded.
You feel sick. The killer bee closely misses you. The killer bee stings you!
The iguana misses you. The killer bee barely misses you.
The killer bee closely misses you.
Fire: a) +0 shortbow
Press: ? - help, Shift-Dir - straight line, f/p - killer bee
Aim: a killer bee (heavily wounded, 44% to hit)
You shoot an arrow. The arrow barely misses the killer bee.
You feel sick. The killer bee stings you.
You are more poisoned.
The killer bee poisons you! The killer bee stings you!
You are more poisoned.
The killer bee poisons you! The iguana bites you! The killer bee stings you!
* * * LOW HITPOINT WARNING * * *
The killer bee stings you.
* * * LOW HITPOINT WARNING * * *
It was a potion of mutation.
You feel extremely strange.
You feel frail.
You feel robust.
You feel yourself wasting away.
Your bones become slightly less dense.
* * * LOW HITPOINT WARNING * * *
You feel very sick. The killer bee misses you.
The killer bee barely misses you. The iguana misses you.
The killer bee stings you!
You die...

, , , *
...#########..#
..##8$[_$$8##.#
..#..?$$!$.o#.#
..#.........#.#
$.#.........#.#
*..#©........#.# *
..#...yy....#.####
* ,
*..#....@l...#.....
..#.........#.....*
..##8.....8##.....
...#########......
, ,
.......©..........*
............#.....
* ........#...#
.... ,
........#...# , . ,
........#...# * ,


You could see an iguana, 2 killer bees and an orc (fleeing).

Vanquished Creatures
  Menkaure (D:4)
  An ice beast (D:5)
  2 phantoms (D:5)
  A jelly (D:4)
  An adder (D:3)
  A white imp (D:5)
  2 dart slugs (D:2)
  10 ball pythons
  4 endoplasms
  3 hobgoblins (D:2)
  2 jackals (D:2)
  A quokka (D:1)
  5 bats
  2 frilled lizards (D:1)
  4 goblins
  6 kobolds
  7 rats
53 creatures vanquished.

Notes
Turn   | Place    | Note
-------+----------+-------------------------------------------
     0 | D:1      | oldriver the Meteoran Hunter began the quest for the Orb.
     0 | D:1      | Reached XP level 1. HP: 17/17 MP: 2/2
    59 | D:1      | Reached XP level 2. HP: 24/25 MP: 3/3
    67 | D:1      | Found Qonil's Jewellery Emporium.
   339 | D:2      | Found a white marble altar of Elyvilon.
   503 | D:2      | Reached XP level 3. HP: 30/30 MP: 4/4
   506 | D:2      | Reached skill level 5 in Ranged Weapons
   754 | D:3      | Found a stormy altar of Qazlal.
   829 | D:2      | Reached XP level 4. HP: 37/37 MP: 5/5
  1054 | D:2      | Found a faded altar of an unknown god.
  1286 | D:4      | Found a blossoming altar of Fedhas.
  1387 | D:4      | Reached XP level 5. HP: 45/45 MP: 6/6
  1434 | D:4      | Noticed Menkaure
  1441 | D:4      | Killed Menkaure
  1442 | D:4      | Reached skill level 6 in Ranged Weapons
  1442 | D:4      | Reached XP level 6. HP: 7/52 MP: 7/7
  1581 | D:5      | Entered Level 5 of the Dungeon
  1599 | D:5      | Noticed an ice beast
  1611 | D:5      | Killed an ice beast
  1612 | D:5      | Reached skill level 7 in Ranged Weapons
  1627 | D:5      | Reached XP level 7. HP: 47/60 MP: 8/8
  1651 | D:5      | Upgraded the game from 0.30-a0-847-g17996783a1 to
                  | 0.30-a0-852-g08b95dd62f
  1675 | D:5      | Found a transporter.
  1684 | D:5      | Found a transporter.
  1692 | D:5      | Found a broken altar of Ashenzari.
  1702 | D:5      | Gained mutation: You are frail. (-10% HP) [potion of
                  | mutation]
  1702 | D:5      | Lost mutation: You are frail. (-10% HP) [potion of
                  | mutation]
  1702 | D:5      | Gained mutation: Your body sometimes deteriorates upon
                  | taking damage. [potion of mutation]
  1702 | D:5      | Gained mutation: You have a somewhat thin skeletal
                  | structure. (Dex +2, Stealth+) [potion of mutation]
  1702 | D:5      | Slain by a killer bee

Illustrated notes

Levels and vault maps discovered:
D:1:      dpeg_arrival_rooms_c, layout_rooms, serial_shops, shop
D:2:      layout_basic, dreamdust_ecumenical_altar_angels_and_demons,
          basic_altar, uniq_jessica
D:3:      layout_rooms, mainiacjoe_overflow_catwalk
D:4:      layout_rooms, mainiacjoe_overflow_tiny_flanked, uniq_menkaure
D:5:      layout_gridville, gammafunk_temple_overflow_arena,
          grunt_gozag_breadcrumbs, temple_pool_b, nicolae_half_adder

Skill      XL: |  1  2  3  4  5  6 |
---------------+-------------------+-----
Ranged Weapons | 5 6 7 |  7.7
Fighting       | 3 4 |  4.8
Dodging        | |  2.8
Stealth        | |  0.6

Action                     |  1- 3 |  4- 6 |  7- 9 || total
---------------------------+-------+-------+-------++-------
   Fire: Shortbow          |    77 |    52 |    20 ||   149
    Use: Scroll            |     4 |     5 |     1 ||    10
         Potion            |       |     1 |     1 ||     2
 Armour: Leather armour    |    11 |     8 |     1 ||    20
  Dodge: Dodged            |    19 |    15 |    15 ||    49

Table legend: (Time is in decaauts)
 A = Elapsed time spent in this place.
 B = Non-inter-level travel time spent in this place.
 C = Inter-level travel time spent in this place.
 D = Time resting spent in this place.
 E = Time spent auto-exploring this place.
 F = Levels seen in this place.
 G = Mean time per level.
                   A        B        C        D        E       F      G
               +--------+--------+--------+--------+--------+-----+--------+
         Total |   1726 |   1577 |    149 |      0 |      0 |   5 |  345.2 |
       Dungeon |   1726 |   1577 |    149 |      0 |      0 |   5 |  345.2 |
               +--------+--------+--------+--------+--------+-----+--------+

Top non-repeatable levels by time:
     D:2: 623 daAuts
     D:3: 352 daAuts
     D:1: 338 daAuts
     D:4: 298 daAuts
     D:5: 114 daAuts
